 Dungeon Crawl Stone Soup version 0.18-b1-22-ge198996 (webtiles) character file.

7665 Chiseanne the Destroyer (level 10, -5/63 HPs)
             Began as a Demonspawn Wizard on May 4, 2016.
             Was an Initiate of Gozag.
             Killed by divine providence
             ... invoked by an orc priest
              (12 damage)
             ... on level 10 of the Dungeon.
             The game lasted 00:31:45 (11785 turns).

Chiseanne the Destroyer (Demonspawn Wizard)        Turns: 11785, Time: 00:31:46

Health: -5/63      AC:  7    Str:  7    XL:     10   Next: 99%
Magic:  0/23       EV: 16    Int: 29    God:    Gozag
Gold:   376        SH:  0    Dex: 11    Spells: 5 memorised, 17 levels left

rFire  . . .     SeeInvis .     a - +3 spear (venom)
rCold  + . .     Gourm    .     J - +0 robe {MR+}
rNeg   . . .     Faith    .     (no shield)
rPois  .         Spirit   +     x - +1 helmet
rElec  .         Dismiss  .     y - +0 cloak
rCorr  .         Reflect  .     R - +1 pair of gloves
SustAt .         Harm     .     (no boots)
MR     +....                    C - amulet "Zebrelur" {+Blink +Rage}
Stlth  ++........               U - +5 ring of intelligence
                                T - ring of protection from cold

@: gold aura, repel missiles, somewhat resistant to hostile enchantments,
unstealthy
A: talons 1, repulsion field 2, spiny 2, magic shield
a: Potion Petition, Call Merchant, Bribe Branch, Renounce Religion, Evoke Blink,
Evoke Berserk Rage


You were on level 10 of the Dungeon.
You worshipped Gozag.
Gozag was noncommittal.
You were full.

You visited 2 branches of the dungeon, and saw 11 of its levels.
You also visited: Sewer.

You collected 1725 gold pieces.
You spent 493 gold pieces at shops.
You paid 856 gold pieces to Gozag.

Inventory:

Hand Weapons
 a - a +3 spear of venom (weapon)
 l - a +1 hunting sling
Missiles
 b - 6 tomahawks
 e - 215 stones (quivered)
 f - 93 sling bullets
 g - 65 bolts
 n - 2 throwing nets
 p - 3 needles of sleeping
 s - 7 curare-tipped needles
 u - 8 poisoned needles
 w - 6 exploding tomahawks
 E - 3 tomahawks of returning
 L - 47 arrows
Armour
 x - a +1 helmet (worn)
 y - a +0 cloak (worn)
 J - a +0 robe of magic resistance (worn)
 R - a +1 pair of gloves (worn)
Magical Staves
 O - an uncursed staff of air
Jewellery
 j - an uncursed ring of flight
 C - the amulet "Zebrelur" (around neck) {+Blink +Rage}
   (You bought it in a shop on level 4 of the Dungeon)

   [amulet of rage]

   It lets you blink.
   It lets you go berserk.
 M - an uncursed amulet of guardian spirit {unknown}
 S - an uncursed amulet of dismissal {unknown}
 T - a ring of protection from cold (left hand)
 U - a +5 ring of intelligence (right hand)
Scrolls
 r - 2 scrolls of magic mapping
 t - a scroll of fog
 v - 7 scrolls of remove curse
 B - a scroll of fear
 F - 3 scrolls of teleportation
Potions
 h - 2 potions of invisibility
 k - a potion of degeneration {unknown}
 m - a potion of resistance {unknown}
 o - 3 potions of magic
 q - 2 potions of flight {unknown}
 z - a potion of brilliance
 A - 4 potions of curing
 D - 4 potions of heal wounds
 G - a potion of haste
 H - a potion of might
 K - a potion of cancellation {unknown}
 N - 2 potions of cure mutation
 Q - 2 potions of berserk rage
Books
 c - a book of Minor Magic

   Spells                             Type                      Level
   a - Magic Dart                     Conjuration                  1
   b - Blink                          Translocation                2
   c - Call Imp                       Summoning                    2
   d - Repel Missiles                 Charms/Air                   2
   e - Slow                           Hexes                        2
   f - Conjure Flame                  Conjuration/Fire             3
   g - Mephitic Cloud                 Conjuration/Poison/Air       3
Miscellaneous
 I - a phial of floods
 P - a box of beasts {used: 3}
Comestibles
 d - 2 bread rations
 i - 3 meat rations
 V - a slice of pizza


   Skills:
 * Level 3.3 Dodging
 - Level 1.7 Stealth
 * Level 9.7 Spellcasting
 * Level 10.0 Conjurations
   Level 1.0 Summonings
 - Level 0.8 Translocations
 - Level 8.9 Evocations


You had 17 spell levels left.
You knew the following spells:

 Your Spells              Type           Power        Failure   Level  Hunger
a - Magic Dart            Conj           ####         1%          1    None
b - Blink                 Tloc           N/A          4%          2    None
c - Repel Missiles        Chrm/Air       ##....       10%         2    None
d - Mephitic Cloud        Conj/Pois/Air  ####....     3%          3    None
e - Conjure Flame         Conj/Fire      #####...     1%          3    None


Dungeon Overview and Level Annotations

Branches:
Dungeon (10/15)            Temple (1/1) D:4            Lair (0/8) D:8
    Orc: D:9-12

Altars:
Ashenzari
Cheibriados
Dithmenos
Elyvilon
Fedhas
Gozag
Kikubaaqudgha
Makhleb
Nemelex Xobeh
Okawaru
Pakellas
Qazlal
Ru
Sif Muna
Trog
Vehumet
Xom
Yredelemnul
Zin
The Shining One

Shops:
D:4 *   D:7 *   D:9 =

Annotations:
D:4 exclusion: statue


Innate Abilities, Weirdness & Mutations

You have sharp toenails.
You are surrounded by a moderate repulsion field (EV +3).
You are mostly covered in sharp spines.
When hurt, damage is shared between your health and your magic reserves.


Message History

You are too injured to fight recklessly!
You are too injured to fight recklessly!
Casting: Mephitic Cloud
Confirm with . or Enter, or press ? or * to list all spells.
You blink.
An orc comes into view. It is wielding a dagger.
The orc shouts!
An orc comes into view.
The orc shouts!
A two-headed ogre comes into view.
It is wielding a giant club and a giant spiked club.
The hill giant barely misses you.
The orc priest calls down the wrath of Beogh upon you.
Beogh smites you!
* * * LOW HITPOINT WARNING * * *
The orc moves out of view.
An orc and an orc warrior come into view.
The orc priest mumbles some strange prayers to Beogh against you.
Beogh smites you!
You die...
Your body crumbles into a pile of gold.

'.≈≈. . .≈≈. $
o##≈≈. # o.o..
.# #
##≈≈.####.#.#
o.#o≈≈.#.<$...#
##oo≈≈.
.####.##.## ##
#.# ... ###


You could see a hill giant, an orc warrior, 3 orc priests and 3 orcs.

Vanquished Creatures
  2 centaur skeletons
  A komodo dragon (D:8)
  The ghost of Xenophilius the Cudgeler, an amateur OgWn of Okawaru (D:4)
  A two-headed ogre (D:9)
  9 yaks (D:9)
  Grum (D:8)
  A steam dragon (D:8)
  A water moccasin (D:7)
  Duvessa (D:7)
  3 orc warriors
  5 ice beasts
  A black bear (D:8)
  3 sky beasts
  2 wolves (D:8)
  2 centaurs
  4 ogres
  A crocodile (D:8)
  2 giant frogs
  A gnoll sergeant (D:7)
  A wyvern zombie (D:7)
  Dowan (D:7)
  A water moccasin skeleton (D:9)
  6 howler monkeys
  4 crimson imps
  4 giant frog zombies
  A quasit (D:9)
  A wasp zombie (D:6)
  2 hounds (D:9)
  A jelly (D:7)
  3 orc wizards
  Crazy Yiuf (D:2)
  2 centaur zombies
  4 orc priests
  2 giant frog skeletons (D:5)
  Terence (D:2)
  Natasha (thrice) (D:2)
  7 iguanas
  11 worker ants
  A killer bee zombie (D:9)
  A hound zombie (D:7)
  3 hound skeletons
  Robin (D:2)
  2 worker ant zombies
  5 gnolls
  A howler monkey skeleton (D:9)
  9 adders
  A shadow imp (D:5)
  An ooze (D:3)
  2 worms
  6 dart slugs
  8 giant geckos
  14 orcs
  4 ball pythons
  8 giant cockroaches
  13 goblins
  14 hobgoblins
  16 jackals
  A quokka (D:2)
  7 bats
  A giant gecko skeleton (D:9)
  9 giant newts
  A jackal zombie (D:5)
  10 kobolds
  7 rats
  A fungus (D:1)
  A plant (Sewer)
246 creatures vanquished.

Vanquished Creatures (collateral kills)
  Gastronok (D:8)
  An orc priest (D:8)
  A gnoll (D:7)
3 creatures vanquished.

Vanquished Creatures (others)
  A fungus (D:1)
1 creature vanquished.

Grand Total: 250 creatures vanquished

Notes
Turn   | Place    | Note
--------------------------------------------------------------
     0 | D:1      | Chiseanne the Demonspawn Wizard began the quest for the Orb.
     0 | D:1      | Reached XP level 1. HP: 13/13 MP: 4/4
   590 | D:1      | Gained mutation: You are partially covered in sharp spines. [demonic ancestry]
   590 | D:1      | Reached XP level 2. HP: 12/19 MP: 1/6
   698 | D:1      | Learned a level 2 spell: Blink
   701 | D:1      | Learned a level 2 spell: Repel Missiles
  1507 | D:2      | Reached skill level 2 in Conjurations
  1540 | D:2      | Noticed Terence
  1746 | D:2      | Gained mutation: You are surrounded by a mild repulsion field (EV +2). [demonic ancestry]
  1746 | D:2      | Reached XP level 3. HP: 24/24 MP: 4/8
  1784 | D:2      | Noticed Natasha
  1791 | D:2      | Killed Natasha
  1911 | D:2      | Gained mutation: You are mostly covered in sharp spines. [demonic ancestry]
  1911 | D:2      | Reached XP level 4. HP: 20/30 MP: 1/10
  2010 | D:2      | Learned a level 3 spell: Mephitic Cloud
  2014 | D:2      | Learned a level 3 spell: Conjure Flame
  2140 | D:2      | Noticed Crazy Yiuf
  2151 | D:2      | Killed Crazy Yiuf
  2232 | D:2      | Noticed Natasha
  2232 | D:2      | Reached skill level 3 in Conjurations
  2237 | D:2      | Killed Natasha
  2409 | D:2      | Found a deep blue altar of Sif Muna.
  2457 | D:2      | Gained mutation: You are surrounded by a moderate repulsion field (EV +3). [demonic ancestry]
  2457 | D:2      | Reached XP level 5. HP: 31/35 MP: 11/11
  2515 | D:2      | Noticed Robin
  2525 | D:2      | Killed Robin
  2609 | D:2      | Killed Terence
  3060 | D:2      | Noticed Natasha
  3069 | D:2      | Killed Natasha
  3188 | D:3      | Found a faded altar to an unknown god.
  3333 | D:3      | Found a sacrificial altar of Ru.
  3422 | D:3      | Gained mutation: When hurt, damage is shared between your health and your magic reserves. [demonic ancestry]
  3422 | D:3      | Reached XP level 6. HP: 40/41 MP: 13/13
  3683 | D:4      | Found a basalt altar of Yredelemnul.
  3702 | D:4      | Reached skill level 4 in Conjurations
  3722 | D:4      | Found a sparkling altar of Nemelex Xobeh.
  3758 | D:4      | Reached skill level 5 in Spellcasting
  4017 | D:4      | Found Ekytaisa's Assorted Antiques.
  4020 | D:4      | Bought a fine amethyst amulet for 135 gold pieces
  4020 | D:4      | Bought a scroll of identify for 54 gold pieces
  4020 | D:4      | Identified the amulet "Zebrelur" {+Blink +Rage} (You bought it in a shop on level 4 of the Dungeon)
  4054 | D:4      | Noticed Xenophilius's ghost (amateur OgWn)
  4080 | D:4      | Killed Xenophilius's ghost
  4080 | D:4      | Gained mutation: You have sharp toenails. [demonic ancestry]
  4080 | D:4      | Reached XP level 7. HP: 26/46 MP: 2/15
  4266 | D:4      | Found a glowing drain.
  4277 | Sewer    | Entered a sewer
  5035 | D:4      | Found a radiant altar of Vehumet.
  5089 | D:4      | Reached skill level 5 in Conjurations
  5207 | D:4      | Found a staircase to the Ecumenical Temple.
  5213 | Temple   | Entered the Ecumenical Temple
  5448 | Temple   | Became a worshipper of Gozag Ym Sagoz the Greedy
  5535 | D:5      | Entered Level 5 of the Dungeon
  6170 | D:5      | Found a deep blue altar of Sif Muna.
  6182 | D:5      | Reached XP level 8. HP: 46/52 MP: 14/17
  6190 | D:5      | Identified Sif Muna's Guide on Envenoming
  6371 | D:6      | Reached skill level 6 in Conjurations
  7201 | D:7      | Reached skill level 7 in Conjurations
  7201 | D:7      | Reached skill level 5 in Evocations
  7201 | D:7      | Reached XP level 9. HP: 31/57 MP: 13/19
  7611 | D:7      | Found a shattered altar of Ashenzari.
  7685 | D:7      | Noticed Duvessa
  7685 | D:7      | Noticed Dowan
  7697 | D:7      | Killed Dowan
  7704 | D:7      | Killed Duvessa
  7907 | D:7      | Found Yvvoepla's Assorted Antiques.
  7978 | D:7      | Bought a scroll of identify for 32 gold pieces
  7978 | D:7      | Bought a bronze ring for 80 gold pieces
  8863 | D:8      | Reached skill level 8 in Conjurations
  8921 | D:8      | Noticed Gastronok
  8936 | D:8      | Noticed Grum
  8960 | D:8      | Killed Grum
  9341 | D:4      | Bought a scroll labeled HONGAE VAF QAI for 27 gold pieces
  9341 | D:4      | Bought a runed silver ring for 135 gold pieces
  9902 | D:8      | Reached XP level 10. HP: 49/63 MP: 17/22
 10262 | D:8      | Found a staircase to the Lair.
 10609 | D:9      | Got a polished chain mail
 10631 | D:9      | Reached skill level 9 in Conjurations
 10729 | D:8      | Killed Gastronok
 10865 | D:9      | Bought a cursed amulet of inaccuracy for 30 gold pieces
 10904 | D:9      | Identified the cursed +1 chain mail "Vabruatt" {MP+9 Int+4} (You found it on level 9 of the Dungeon)
 11767 | D:10     | Entered Level 10 of the Dungeon
 11776 | D:10     | Noticed a hill giant
 11779 | D:10     | Reached skill level 10 in Conjurations
 11785 | D:10     | Killed from afar by an orc priest

Skill      XL: |  1  2  3  4  5  6  7  8  9 10 |
---------------+-------------------------------+-----
Conjurations   | 2 3 4 5 7 8 10 | 10.0
Spellcasting   | 4 5 6 7 8 9 |  9.7
Dodging        | 2 3 |  3.3
Evocations     | 2 3 5 7 8 |  8.9
Stealth        | |  1.7
Summonings     | |  1.0
Translocations | |  0.8

Action                   |  1- 3 |  4- 6 |  7- 9 | 10-12 || total
-------------------------+-------+-------+-------+-------++-------
Melee: Spear             |    48 |    18 |   150 |   151 ||   367
       Quarterstaff      |       |    77 |    94 |       ||   171
       Kick              |       |       |    59 |    23 ||    82
 Cast: Magic Dart        |    64 |    22 |    54 |       ||   140
       Repel Missiles    |     1 |       |     2 |       ||     3
       Mephitic Cloud    |       |     2 |     9 |     1 ||    12
       Conjure Flame     |       |     1 |     2 |     1 ||     4
       Blink             |       |       |     3 |     1 ||     4
Invok: Call Merchant     |       |       |       |     1 ||     1
 Abil: Evoke Flight      |       |       |     1 |       ||     1
Evoke: Wand              |       |       |     7 |       ||     7
       Box of beasts     |       |       |       |     3 ||     3
  Use: Scroll            |     7 |     8 |     8 |     4 ||    27
       Potion            |       |     2 |       |       ||     2
 Stab: Sleeping          |       |     3 |     5 |     1 ||     9
       Confused          |       |       |     3 |       ||     3
       Distracted        |       |       |       |     1 ||     1
  Eat: Chunk             |     3 |     7 |     5 |       ||    15
       Fruit             |       |       |     4 |     3 ||     7
       Bread ration      |       |       |     2 |     1 ||     3
       Royal jelly       |       |       |     1 |     1 ||     2
       Beef jerky        |       |       |     1 |       ||     1
Armor: Robe              |     3 |    16 |    50 |    24 ||    93
       Skin              |       |     3 |       |       ||     3
       Chain mail        |       |       |       |     7 ||     7
Dodge: Dodged            |    15 |    60 |   131 |   129 ||   335
       Deflected         |       |     3 |     2 |     1 ||     6
